 Dungeon Crawl Stone Soup version 0.26-a0-546-g3c2127501a (webtiles) character file.

Game seed: 3656718523647712276

21434 MrRokkomies the Cleaver (level 12, -5/107 HPs)
             Began as a Palentonga Fighter on Aug 19, 2020.
             Was a Priest of Uskayaw.
             Slain by a redback (8 damage)
             ... on level 3 of the Lair of Beasts.
             The game lasted 00:37:22 (23824 turns).

MrRokkomies the Cleaver (Palentonga Fighter)       Turns: 23824, Time: 00:37:23

Health: -5/107     AC: 19    Str: 21    XL:     12   Next: 54%
Magic:  19/19      EV:  1    Int:  9    God:    Uskayaw [***...]
Gold:   1537       SH:  0    Dex: 13    Spells: 11/11 levels left

rFire    . . .     SeeInvis +   a - +2 battleaxe (freeze)
rCold    + + +     Faith    .   (shield currently unavailable)
rNeg     . . .     Spirit   .   o - +1 crystal plate armour {rC+}
rPois    +         Reflect  .   (no helmet)
rElec    .         Harm     .   c - +0 cloak {rC+}
rCorr    .                      N - +0 pair of gloves
MR       .....                  (boots restricted)
Stlth    ..........             (no amulet)
HPRegen  0.27/turn              K - ring of protection from cold
MPRegen  0.16/turn              J - ring of the Greedy {Wiz rPois}

@: held
A: large, rugged brown scales 3, see invisible, deformed body, roll, armoured
tail
a: Rolling Charge, Stomp, Line Pass, Renounce Religion


You were on level 3 of the Lair of Beasts.
You worshipped Uskayaw.
Uskayaw was aware of your devotion.
You visited 3 branches of the dungeon, and saw 16 of its levels.
You also visited: Sewer and Ice Cave.

You collected 1537 gold pieces.

Inventory:

Hand Weapons
 a - a +2 battleaxe of freezing (weapon)
 b - a +0 hunting sling
 n - the +1 hunting sling of the Spider Nest {vorpal, rN+}
   (You found it in an ice cave)

   Any stone fired from it inflicts extra damage.
   It protects you from negative energy.
 p - the +1 demon blade "Mach" {vamp, rElec Str+4 Dex+3}
   (You found it in an ice cave)

   It inflicts no extra harm, but heals its wielder when it wounds a living foe.
   It affects your strength (+4).
   It affects your dexterity (+3).
   It insulates you from electricity.
Missiles
 t - 16 javelins (quivered)
 w - 6 curare-tipped darts
 y - 96 sling bullets
 C - 12 boomerangs
 F - 30 poisoned darts
Armour
 c - a +0 cloak of cold resistance (worn)
 h - a +1 plate armour
 o - a +1 crystal plate armour of cold resistance (worn)
 N - a +0 pair of gloves (worn)
Jewellery
 e - an uncursed ring of magical power
 u - an uncursed ring of ice
 J - the ring of the Greedy (right hand) {Wiz rPois}
   (You found it on level 9 of the Dungeon)

   [ring of wizardry]

   It improves your spell success rate.
   It protects you from poison.
 K - a ring of protection from cold (left hand)
 L - an uncursed ring of see invisible
Wands
 A - a wand of flame (24)
 B - a wand of iceblast (5)
 D - a wand of polymorph (7)
 E - a wand of paralysis (10)
 H - a wand of digging (6)
Scrolls
 f - 15 scrolls of teleportation
 g - 9 scrolls of remove curse
 i - 2 scrolls of fog
 x - 2 scrolls of identify
 z - 3 scrolls of amnesia
 I - 2 scrolls of enchant weapon
Potions
 d - a potion of might
 k - 5 potions of stabbing
 l - 6 potions of flight
 m - 2 potions of magic
 q - a potion of ambrosia
 r - 4 potions of resistance
 s - a potion of brilliance
 v - 3 potions of invisibility
 G - 2 potions of mutation
 M - a potion of cancellation


   Skills:
 - Level 11.4 Fighting
 + Level 11.9 Axes
 * Level 8.7 Armour
   Level 2.4 Shields
 + Level 9.3 Invocations
 * Level 3.4 Evocations


You had 11 spell levels left.
You didn't know any spells.
Your spell library contained the following spells:

 Spells                   Type           Power        Failure   Level
 Corona                   Hex            #......      100%        1
 Freeze                   Ice            #...         100%        1
 Magic Dart               Conj           #...         100%        1
 Shock                    Conj/Air       #...         100%        1
 Searing Ray              Conj           #.....       100%        2
 Slow                     Hex            #.......     100%        2
 Sublimation of Blood     Necr           #.........   100%        2
 Dazzling Flash           Conj/Hex       #.....       100%        3
 Frozen Ramparts          Ice            #.....       100%        3
 Inner Flame              Hex/Fire       #.......     100%        3
 Ozocubu's Armour         Ice            #.......     100%        3
 Portal Projectile        Hex/Tloc       #.....       100%        3
 Stone Arrow              Conj/Erth      #.....       100%        3
 Cause Fear               Hex            #.........   100%        4
 Fulminant Prism          Conj/Hex       #.........   100%        4
 Hailstorm                Conj/Ice       #.......     100%        4
 Iskenderun's Mystic Bla  Conj/Tloc      #.......     100%        4
 Leda's Liquefaction      Hex/Erth       #.........   100%        4
 Summon Ice Beast         Ice/Summ       #.......     100%        4
 Summon Lightning Spire   Summ/Air       #.......     100%        4
 Conjure Ball Lightning   Conj/Air       #.........   100%        6
 Statue Form              Tmut/Erth      #........    100%        6


Dungeon Overview and Level Annotations

Branches:
Dungeon (11/15)            Temple (0/1) D:4            Lair (3/6) D:9
  Swamp (0/4) Lair:2          Orc (2/2) D:10            Elf (0/3) Orc:2
  Sewer (visited)           IceCv (visited)
  Snake: Lair:2-4    Spider: Lair:2-4

Altars:
Dithmenos
Gozag
Okawaru
Qazlal
Trog
Uskayaw
Wu Jian
Zin

Shops:
D:8 }

Annotations:
D:10 exclusion: ice statue
Lair:2 1 runed translucent door, Wotyac's ghost, journeyman PaFi


Innate Abilities, Weirdness & Mutations

You are completely covered in rugged brown scales. (AC +3, +7% HP)
You have supernaturally acute eyesight. (SInv)
Armour fits poorly on your strangely shaped body.
You can roll at foes to attack.
You have a long armoured tail.


Message History

The redback is lightly wounded.
The redback barely misses you.
The jumping spider leaps!
The jumping spider pounces on you!
* * * LOW HITPOINT WARNING * * *
The jumping spider bites you.
* * * LOW HITPOINT WARNING * * *
The redback bites you but does no damage.
You feel less invigorated.
You feel less confused. The jumping spider pounces on you.
* * * LOW HITPOINT WARNING * * *
You are caught in a web!
The jumping spider bites you.
* * * LOW HITPOINT WARNING * * *
The jumping spider leaps!
There is a web, spattered with blood here.
You struggle to detach yourself from the web.
The redback bites you!
* * * LOW HITPOINT WARNING * * *
The jumping spider leaps!
The redback bites you!
You die...

#......##
#......##
#......## ##
#.....#.# #.#
#...$..##.#^
#.....##.#.#
#(........#.#
##..°.○...s#
#.#.@s..s.#.#
######....s.#.##
#.#.........##.#
###..........#
#.#
##.#...s[.....#
##
##........###..?#
#.#.......#
.....#
##.(.....###
#...# #.......##
>..#


You could see 3 jumping spiders and 2 redbacks.

Vanquished Creatures
  A frost giant (D:10)
  A reaper (IceCv)
  A hydra (Lair:2)
  A two-headed ogre (D:9)
  Sonja (Lair:1)
  A black mamba (Lair:1)
  A cyclops (D:11)
  An elephant (Lair:2)
  2 ice statues (IceCv)
  3 cane toads
  A komodo dragon (Lair:2)
  7 ice devils (IceCv)
  A rime drake (Lair:2)
  A troll (D:10)
  2 jumping spiders (Lair:3)
  Prince Ribbit (D:6)
  A blink frog (Lair:2)
  A hippogriff (D:8)
  2 bog bodies (Lair:2)
  A redback (Lair:3)
  3 yaks (Lair:3)
  Eustachio (D:5)
  A basilisk (Lair:1)
  Edmund (D:6)
  A warg (D:10)
  2 swamp worms (Lair:2)
  Duvessa (D:5)
  A water moccasin (D:9)
  7 orc warriors
  A porcupine (Lair:3)
  A phantom (D:5)
  2 sky beasts
  A black bear (D:8)
  18 ice beasts
  2 necrophages
  11 ogres
  3 wolves (Lair:1)
  4 centaurs
  A big kobold (D:7)
  8 crocodiles
  Blork the orc (D:6)
  11 bullfrogs
  2 gnoll sergeants (D:8)
  Dowan (D:5)
  4 scorpions
  3 jellies (D:9)
  8 wights
  8 killer bees
  4 howler monkeys
  8 electric eels
  A quasit (D:8)
  A centaur zombie (D:8)
  7 hounds
  12 orc priests
  3 bullfrog skeletons (D:9)
  A gnoll shaman (D:8)
  A centaur skeleton (D:4)
  Ijyb (D:5)
  Jessica (D:2)
  An iguana (D:6)
  14 orc wizards
  A merfolk siren (Sewer)
  10 worker ants
  A merfolk avatar (Sewer)
  A hound zombie (D:9)
  A hound skeleton (D:5)
  2 worker ant zombies
  12 gnolls
  13 adders
  2 river rats (Sewer)
  3 shadow imps
  13 white imps
  7 ufetubi
  3 adder zombies
  2 adder skeletons
  5 worms
  8 leopard geckos
  38 orcs
  9 giant cockroaches
  4 goblins
  9 hobgoblins
  4 jackals
  11 kobolds
  6 quokkas
  3 ball pythons (Sewer)
  9 bats
  8 frilled lizards
  A jackal zombie (D:8)
  A leopard gecko skeleton (D:4)
  A quokka skeleton (D:6)
  A quokka zombie (D:5)
  25 rats
  A fungus (Lair:2)
409 creatures vanquished.

Vanquished Creatures (others)
  A white imp (IceCv)
  7 ufetubi (IceCv)
  5 fungi (Orc:2)
  A plant (D:8)
14 creatures vanquished.

Grand Total: 423 creatures vanquished

Notes
Turn   | Place    | Note
-------+----------+-------------------------------------------
     0 | D:1      | MrRokkomies the Palentonga Fighter began the quest for the
                  | Orb.
     0 | D:1      | Reached XP level 1. HP: 19/19 MP: 1/1
   790 | D:1      | Reached XP level 2. HP: 22/25 MP: 2/2
  1014 | D:2      | Noticed Jessica
  1020 | D:2      | Killed Jessica
  1020 | D:2      | Reached XP level 3. HP: 28/31 MP: 3/3
  1073 | D:2      | Identified Jessica's Papyrus of Sinister Arts
  1196 | D:2      | Found a hide-covered altar of Uskayaw.
  1215 | D:2      | Became a worshipper of Uskayaw the Reveler
  1396 | D:2      | Reached * piety under Uskayaw
  1398 | D:2      | Reached ** piety under Uskayaw
  1537 | D:2      | Reached XP level 4. HP: 39/39 MP: 4/4
  2213 | D:3      | Found a glowing drain.
  2226 | Sewer    | Entered a sewer
  2621 | Sewer    | Reached skill level 1 in Invocations
  2621 | Sewer    | Reached XP level 5. HP: 28/44 MP: 5/5
  2621 | Sewer    | Reached *** piety under Uskayaw
  3265 | D:3      | Found a glowing silver altar of Zin.
  3266 | D:3      | Found an opulent altar of Gozag.
  4102 | D:4      | Noticed an ogre
  4112 | D:4      | Killed an ogre
  4112 | D:4      | Reached XP level 6. HP: 53/53 MP: 7/7
  4184 | D:4      | Reached skill level 5 in Fighting
  4699 | D:4      | Found a staircase to the Ecumenical Temple.
  4925 | D:4      | Reached XP level 7. HP: 50/59 MP: 8/8
  5412 | D:5      | Entered Level 5 of the Dungeon
  5431 | D:5      | Noticed Ijyb
  5441 | D:5      | Killed Ijyb
  5441 | D:5      | Reached skill level 5 in Axes
  5473 | D:5      | Found a shadowy altar of Dithmenos.
  5482 | D:5      | Noticed Eustachio
  5489 | D:5      | Killed Eustachio
  5810 | D:5      | Reached XP level 8. HP: 39/68 MP: 10/10
  5810 | D:5      | Reached **** piety under Uskayaw
  6100 | D:5      | Noticed Duvessa
  6103 | D:5      | Noticed Dowan
  6110 | D:5      | Killed Duvessa
  6118 | D:5      | Reached ***** piety under Uskayaw
  6119 | D:5      | Killed Dowan
  6869 | D:5      | Found a stormy altar of Qazlal.
  7058 | D:5      | Found a bloodstained altar of Trog.
  7907 | D:6      | Reached XP level 9. HP: 75/77 MP: 12/12
  8074 | D:6      | Found an ornate altar of the Wu Jian Council.
  8184 | D:6      | Noticed Blork the orc
  8196 | D:6      | Noticed Edmund
  8196 | D:6      | Reached skill level 5 in Invocations
  8200 | D:6      | Killed Blork the orc
  8226 | D:6      | Killed Edmund
  8810 | D:6      | Noticed Prince Ribbit
  8834 | D:6      | Killed Prince Ribbit
  8834 | D:6      | Reached skill level 5 in Armour
  9237 | D:7      | HP: 4/80 [poisoned by a killer bee]
  9244 | D:6      | HP: 3/80 [poisoned by a killer bee]
  9251 | D:6      | HP: 2/80 [poisoned by a killer bee]
  9259 | D:6      | HP: 2/80 [poisoned by a killer bee]
 10998 | D:8      | Reached XP level 10. HP: 82/88 MP: 14/14
 11331 | D:8      | Found Zimiheys's Gadget Shoppe.
 13115 | D:9      | Noticed a two-headed ogre
 13884 | D:9      | Found a staircase to the Lair.
 13928 | D:9      | Got a twitching jade ring
 14023 | D:9      | Identified the ring of the Greedy {Wiz rPois} (You found it
                  | on level 9 of the Dungeon)
 14075 | D:10     | Entered Level 10 of the Dungeon
 14079 | D:10     | Reached skill level 10 in Fighting
 14358 | D:9      | Killed a two-headed ogre
 14874 | D:9      | Reached skill level 10 in Axes
 14899 | D:9      | Found an iron altar of Okawaru.
 15366 | D:10     | Reached XP level 11. HP: 83/98 MP: 16/16
 15448 | D:10     | Identified the Collected Works on the Rocks and Lightness
 15810 | D:10     | Found a staircase to the Orcish Mines.
 16527 | D:10     | Noticed a frost giant
 16550 | D:10     | Killed a frost giant
 17202 | Orc:1    | Entered Level 1 of the Orcish Mines
 17912 | Orc:2    | Entered Level 2 of the Orcish Mines
 17912 | Orc:2    | Found a staircase to the Elven Halls.
 18019 | Orc:1    | Noticed an orc knight
 18376 | Lair:1   | Entered Level 1 of the Lair of Beasts
 18384 | Lair:1   | Found a frozen archway.
 18406 | IceCv    | Entered an ice cave
 19733 | IceCv    | Noticed a reaper
 19749 | IceCv    | Killed a reaper
 19983 | IceCv    | Got a pitted hunting sling
 20000 | IceCv    | Got a crystal demon blade
 20001 | IceCv    | Identified the cursed +1 demon blade "Mach" {vamp, rElec
                  | Str+4 Dex+3} (You found it in an ice cave)
 20003 | IceCv    | Identified the cursed +1 hunting sling of the Spider Nest
                  | {vorpal, rN+} (You found it in an ice cave)
 20209 | IceCv    | Reached XP level 12. HP: 74/107 MP: 18/18
 20570 | Lair:1   | Noticed Sonja
 20579 | Lair:1   | Killed Sonja
 21354 | Lair:2   | Found a runed translucent door.
 21356 | Lair:2   | Noticed a four-headed hydra
 21372 | Lair:2   | Killed a five-headed hydra
 21372 | Lair:2   | Reached skill level 1 in Evocations
 23114 | Lair:2   | Found a staircase to the Swamp.
 23421 | Lair:2   | Noticed Wotyac's ghost (journeyman PaFi)
 23817 | Lair:3   | HP: 1/107 [jumping spider (7)]
 23824 | Lair:3   | HP: 3/107 [redback (9)]
 23824 | Lair:3   | Slain by a redback

Illustrated notes

Levels and vault maps discovered:
D:1:      psy_arrival_radial01, layout_basic
D:2:      layout_basic, nicolae_overflow_crystal_walls, kennysheep_jessica_study
D:3:      layout_loops_corners, grunt_temple_overflow_gold_and_silver,
          portal_sewer_entry_d
D:4:      layout_loops_ring, minmay_temple_entry_drinking_statues,
          minmay_increasing_density
D:5:      layout_loops_ring, lightli_temple_of_fire, kennysheep_mini,
          nicolae_qazlal_general_emergency, uniq_duvessa, uniq_eustachio,
          uniq_ijyb
D:6:      layout_basic, marbit_many_paths, minmay_splitting_lines,
          uniq_prince_ribbit1, uniq_edmund, uniq_blork_the_orc
D:7:      layout_cave_pods
D:8:      kennysheep_housing_project, layout_basic, serial_shops,
          nicolae_shop_behind_doors
D:9:      layout_roguey, okawaru_altar_gauntlet_db, dpeg_oklobed_lair
D:10:     minmay_twisted_water, layout_loops_ring
D:11:     layout_basic, serial_shops, shop, minmay_shop_mass,
          grunt_dithmenos_smoke, uniq_nergalle
Lair:1:   layout_chaotic_city, portal_ice_cave_entry_pillars_1, uniq_sonja
Lair:2:   wad_woods_structure_01, layout_small_grid,
          nicolae_swamp_entry_splash_gauntlet, ebering_ghost_reflecting_pool
Lair:3:   layout_hall_layers, nicolae_spider_entry_tight_spaces
Orc:1:    layout_diamond_mine
Orc:2:    grunt_orc_gardens, layout_caves, grunt_orc_garden, grunt_orc_garden,
          grunt_orc_garden, grunt_orc_garden

Skill      XL: |  1  2  3  4  5  6  7  8  9 10 11 12 |
---------------+-------------------------------------+-----
Axes           | 3 4 5 7 8 10 11 | 11.9
Fighting       | 4 5 6 7 9 10 11 | 11.4
Armour         | 3 4 5 6 7 8 |  8.7
Invocations    | 1 2 3 4 6 7 8 9 |  9.3
Evocations     | 3 |  3.4
Shields        | |  2.4

Action                   |  1- 3 |  4- 6 |  7- 9 | 10-12 || total
-------------------------+-------+-------+-------+-------++-------
Melee: War axe           |    76 |   190 |   363 |   348 ||   977
       Tailslap          |     4 |    25 |    64 |    96 ||   189
       Battleaxe         |       |       |       |   267 ||   267
Throw: Javelin           |       |       |     6 |     2 ||     8
Invok: Stomp             |       |       |     3 |     6 ||     9
       Line Pass         |       |       |     2 |     1 ||     3
 Abil: Rolling Charge    |       |     1 |     6 |    11 ||    18
Evoke: Wand              |       |       |     1 |    50 ||    51
  Use: Scroll            |       |     7 |    13 |    12 ||    32
       Potion            |       |     3 |     3 |    11 ||    17
 Stab: Paralysed         |       |       |    13 |    30 ||    43
Armor: Scale mail        |    37 |    92 |    56 |       ||   185
       Plate armour      |       |       |   132 |   302 ||   434
       Skin              |       |       |     8 |     1 ||     9
       Chain mail        |       |       |     8 |       ||     8
       Crystal plate arm |       |       |       |   121 ||   121
Dodge: Dodged            |    20 |    37 |    37 |    70 ||   164
Block: Kite shield       |    32 |   107 |   172 |   148 ||   459

Table legend: (Time is in decaauts)
 A = Elapsed time spent in this place.
 B = Non-inter-level travel time spent in this place.
 C = Inter-level travel time spent in this place.
 D = Time resting spent in this place.
 E = Time spent auto-exploring this place.
 F = Levels seen in this place.
 G = Mean time per level.
                   A        B        C        D        E       F      G
               +--------+--------+--------+--------+--------+-----+--------+
         Total |  24199 |  23450 |    749 |   5878 |  14397 |  18 | 1344.4 |
       Dungeon |  16901 |  16315 |    586 |   3689 |  10459 |  11 | 1536.5 |
          Lair |   3518 |   3388 |    130 |    176 |   2901 |   3 | 1172.7 |
  Orcish Mines |    694 |    662 |     32 |    257 |    298 |   2 |  347.0 |
         Sewer |   1102 |   1102 |      0 |    205 |    650 |   1 | 1102.0 |
      Ice Cave |   1983 |   1983 |      0 |   1551 |     88 |   1 | 1983.0 |
               +--------+--------+--------+--------+--------+-----+--------+

Top non-repeatable levels by time:
    D:10: 2697 daAuts
     D:8: 2328 daAuts
     D:5: 2323 daAuts
  Lair:2: 2101 daAuts
   IceCv: 1983 daAuts
     D:6: 1898 daAuts
     D:9: 1734 daAuts
     D:4: 1351 daAuts
  Lair:1: 1199 daAuts
     D:7: 1186 daAuts
   Sewer: 1102 daAuts
     D:2: 1100 daAuts
     D:3: 1094 daAuts
     D:1: 935 daAuts
   Orc:1: 672 daAuts
